Unix NetHack Version 5.0.0-0 post-release - last build Jun 10 2026 00:39:30 (3ee93aec679c4c4259841fe613dc97188e26a321,branch:main).

Game began 2026-06-16 03:30:57, ended 2026-06-16 04:27:29.

Brudee, chaotic female human Rogue

                  ------
                  |....|                          ----------------
                  |....|                          |..............|
                 #..)...                          |.........<....|
                 #--.---         -------------####.......[.......|
                ##  #############.C.........C.#  #----------------
                #   #            |.....C.....|#  #
                #                |...-.---...-)###
             ####                |...|...|...|#
   -------  ##                   |..C|{.{|C..|#
   |...... ###                   |...|.{.|...|)
   |...)..|@        .            |...-----...|#    #
   |......df       |.            |.....C.....|%##)#
   |....>d|#       |.            |C.........C|##
   |....). #       |!            -------------)
   -------         |.                   #######
                   |.
                   ---

Brudee the Rogue        St:11 Dx:18 Co:16 In:13 Wi:10 Ch:8  Chaotic S:3029
Dlvl:6  $:141 HP:0(48) Pw:19(19) AC:3  Xp:6/632 T:5170  Satiated

Latest messages:
 The wolf bites!
 The hobbit thrusts his elven dagger.
 The hobbit hits!
 The jackal misses!
 You swap places with Sparky.
 Sparky misses the wolf.
 Sparky misses the wolf.
 In what direction? b
 You throw 2 daggers.
 The 1st dagger hits the wolf.
 The 2nd dagger hits the wolf.
 Sparky bites the wolf.
 The wolf misses Sparky.
 Sparky misses the wolf.
 You hear the splashing of a naiad.
 In what direction? b
 You throw 2 daggers.
 The 1st dagger hits the wolf!
 The 2nd dagger hits the wolf.
 Sparky misses the wolf.
 Sparky bites the wolf.
 The hobbit picks up 2 +0 daggers.
 Sparky bites the wolf.
 The wolf misses Sparky.
 The hobbit picks up 2 +0 daggers.
 In what direction? b
 You kill the hobbit!
 In what direction? b
 You throw 3 daggers.
 The 1st dagger hits the jackal.
 The 2nd dagger hits the jackal.
 You kill the jackal!
 In what direction? <space>
 In what direction? b
 The dagger hits the wolf.
 Sparky misses the wolf.
 The wolf misses!
 You have no ammunition readied.
 What do you want to fire? [$ju or ?*] ?
 You ready: u - 3 uncursed corroded daggers.
 In what direction? b
 You throw 2 daggers.
 The 1st dagger hits the wolf.
 The 2nd dagger hits the wolf.
 Sparky bites the wolf.
 The wolf misses Sparky.
 The wolf bites!
 You die...
 Do you want your possessions identified? [ynq] (y) y
 Do you want to see your attributes? [ynq] (y) q

Inventory:
 Coins    ('$')
  $ - 141 gold pieces
 Weapons  (')')
  j - a +0 dagger
  u - a corroded +0 dagger (at the ready)
  x - a corroded +0 dwarvish short sword (weapon in right hand)
 Armor    ('[')
  g - a blessed burnt +1 pair of low boots (being worn)
  w - an uncursed +0 dwarvish mithril-coat (being worn)
 Scrolls  ('?')
  N - a blessed scroll of identify
 Potions  ('!')
  b - an uncursed potion of extra healing
  O - 3 potions of holy water
 Tools    ('(')
  f - an empty uncursed sack
  P - an uncursed sack containing 1 item
  G - an uncursed tooled horn
  M - an uncursed blindfold
  e - an uncursed lock pick
  F - an uncursed magic whistle
  K - a blessed oil lamp
  B - a +0 pick-axe (alternate weapon; not wielded)
 Gems/Stones  ('*')
  I - an uncursed garnet stone
  H - 2 uncursed worthless pieces of blue glass
  i - an uncursed worthless piece of orange glass
  E - 4 uncursed worthless pieces of yellow glass
  J - 2 uncursed worthless pieces of yellowish brown glass

Contents of the sack:
  an uncursed potion of see invisible

Brudee the Rogue's attributes:

Background:
 You were a Rogue, level 6 female human.
 You were chaotic, on a mission for Kos
 who was opposed by Issek (lawful) and Mog (neutral).
 You were right-handed.
 You were in the Dungeons of Doom, on level 6.
 You entered the dungeon 5170 turns ago.
 It was nighttime.
 There was a new moon in effect when your adventure ended.
 You had 632 experience points, 8 more were needed to attain level 7.
 Your score was 3029 before end-of-game adjustments.

Basics:
 You had 0 out of 48 hit points.
 You had all 19 energy points (spell power).
 Your armor class was 3.
 Your wallet contained 141 zorkmids.
 Autopickup was on for '$!=+?/"' plus thrown.

Final Characteristics:
 Your strength was 11 (limit:18/100).
 Your dexterity was 18 (limit:18).
 Your constitution was 16 (limit:18).
 Your intelligence was 13 (limit:18).
 Your wisdom was 10 (limit:18).
 Your charisma was 8 (limit:18).

Final Status:
 You were satiated.
 You were unencumbered.
 You were wielding a short sword.
 You were skilled in short sword.

Final Attributes:
 You were piously aligned.
 You were telepathic.
 You were stealthy.
 You were guarded.
 You are dead.

Miscellaneous:
 You didn't encounter any bones levels.
 Total elapsed playing time was 56 minutes and 30 seconds.

Major events:
 Turn
    1: Brudee the chaotic female human Rogue entered the dungeon
  859: attained the rank of Cutpurse (level 3)
  908: entered the Gnomish Mines
 1919: reached Mine Town
 1985: attained the rank of Rogue (level 6)
 5170: killed by a wolf

You didn't know any spells.

Skills:
 Fighting Skills
   bare handed combat [Unskilled]
   two weapon combat  [Unskilled]
   riding             [Unskilled]
 Weapon Skills
   dagger             [Skilled]
   knife              [Unskilled]
   short sword        [Skilled]
   broadsword         [Unskilled]
   long sword         [Unskilled]
   two-handed sword   [Unskilled]
   saber              [Unskilled]
   club               [Unskilled]
   mace               [Unskilled]
   morning star       [Unskilled]
   flail              [Unskilled]
   hammer             [Unskilled]
   polearms           [Unskilled]
   spear              [Unskilled]
   crossbow           [Unskilled]
   dart               [Unskilled]
   shuriken           [Unskilled]
 Spellcasting Skills
   divination spells  [Unskilled]
   escape spells      [Unskilled]
   matter spells      [Unskilled]

Voluntary challenges:
 Character rerolling was not enabled.
 You never genocided any monsters.
 You never polymorphed an object.
 You never changed form.
 You used no wishes.
Achievements:
 You attained the rank of Cutpurse.
 You entered the Gnomish Mines.
 You entered Minetown.
 You entered a shop.
 You entered a temple.
 You attained the rank of Rogue.

 The Dungeons of Doom: levels 1 to 6
    Level 1:
    Level 2:
       A fountain, a grave.
    Level 3:
       An altar to Kos.
    Level 4:
       Stairs down to The Gnomish Mines.
    Level 5:
    Level 6: <- You were here.
       Many fountains.
       Oracle of Delphi.
       Final resting place for
          you, killed by a wolf.
 The Gnomish Mines: levels 5 to 7
    Level 5:
    Level 6:
    Level 7:
       Many shops, a temple and an altar, some fountains.


Vanquished creatures:
  3 leprechauns
  a gnome mummy
  a mountain nymph
  a rock piercer
  2 rock moles
  2 fog clouds
  2 shriekers
  5 gnome leaders
  2 gnomish wizards
  a black naga hatchling
  a gray ooze
  3 elf zombies
  a giant ant
  a little dog
  3 floating eyes
  5 dwarves
 15 hill orcs
  a rothe
  a rabid rat
  a centipede
  2 giant bats
  a monkey
  a wererat
  3 iguanas
  3 acid blobs
  a hobbit
  a large kobold
  a hobgoblin
  5 giant rats
  8 cave spiders
  2 yellow molds
 22 gnomes
  2 garter snakes
  2 geckos
  4 jackals
  2 goblins
  a sewer rat
 11 grid bugs
  a bat
  7 lichens
  3 kobold zombies
  8 newts
143 creatures vanquished.

No species were genocided or became extinct.

Game over:
                       ----------
                      /          \
                     /    REST    \
                    /      IN      \
                   /     PEACE      \
                  /                  \
                  |      Brudee      |
                  |      141 Au      |
                  | killed by a wolf |
                  |                  |
                  |                  |
                  |                  |
                  |       2026       |
                 *|     *  *  *      | *
        _________)/\\_//(\/(/\)/\//\/|_)_______

Goodbye Brudee the Rogue...

You died in The Dungeons of Doom on dungeon level 6 with 3015 points,
and 141 pieces of gold, after 5170 moves.
You were level 6 with a maximum of 48 hit points when you died.

